Selects Australian Defense Battlegroup
Selects Australian Light Infantry Section
Australian Light Infantry Section
Australian Light Infantry Section
Construct Section Command Post
Construct Platoon Command Post
Construct Field Infirmary
Selects 2-pounder Anti-tank Gun Team
Australian Light Infantry Section
Construct Company Command Post
Selects Vehicle Over Repair
Selects CMP 15cwt Supply Run
6-pounder Anti-tank Gun Team
Selects Reinforced Resource Caches
Selects Archer Tank Destroyer
Unlock M3 Grant Medium Tanks